 Dungeon Crawl Stone Soup version 0.30-a0-335-ge5acde7520 (webtiles) character file.

Game seed: 2321000957751546976

1203 hikkokomori the Chiller (level 8, 0/57 HPs)
             Began as a Demigod Ice Elementalist on Oct 31, 2022.
             Killed by an exploding water moccasin (26 damage)
             ... ignited by their inner flame
             ... on level 4 of the Dungeon.
             The game lasted 00:11:49 (3794 turns).

hikkokomori the Chiller (Demigod Ice Elementalist)  Turns: 3794, Time: 00:11:49

Health: 0/57       AC: 10    Str:  9    XL:     8   Next: 1%
Magic:  17/20      EV: 12    Int: 25    God:
Gold:   290        SH:  0    Dex: 20    Spells: 7/19 levels left

rFire   . . .      SeeInvis .    c - +1 short sword
rCold   . . .      Faith    .    (no shield)
rNeg    . . .      Spirit   .    a - +0 robe
rPois   .          Reflect  .    (no helmet)
rElec   .          Harm     .    (no cloak)
rCorr   .          Rampage  .    (no gloves)
Will    .....                    (no boots)
Stlth   ++........               (no amulet)
HPRegen 0.29/turn                j - +6 ring of dexterity
MPRegen 0.17/turn                p - ring of flight

@: lethally poisoned (0 -> -2), ice-armoured, flying, studying Throwing
A: high MP 1, forlorn, divine attributes
a: no special abilities


You were on level 4 of the Dungeon.
You visited 1 branch of the dungeon, and saw 4 of its levels.
You also visited: Sewer.

You collected 290 gold pieces.

Inventory:

Hand Weapons
 c - a +1 short sword (weapon)
 f - a +0 great mace
Armour
 a - a +0 robe (worn)
Jewellery
 j - a +6 ring of dexterity (left hand)
 p - a ring of flight (right hand)
Wands
 m - a wand of mindburst (8)
 t - a wand of digging (3)
Scrolls
 l - a scroll of blinking
 n - 2 scrolls of immolation
 r - a scroll of magic mapping
 s - 2 scrolls of summoning
Potions
 b - a potion of magic
 d - 2 potions of mutation {unknown}
 e - a potion of berserk rage
 g - a potion of flight {unknown}
 h - a potion of might {unknown}
 k - a potion of brilliance
 o - a potion of attraction {unknown}
 q - 3 potions of curing {unknown}


   Skills:
 - Level 2.0 Dodging
 - Level 2.0 Stealth
 - Level 6.0 Spellcasting
 + Level 0.0 Conjurations
 + Level 0.0 Summonings
 + Level 0.0 Fire Magic
 + Level 7.3 Ice Magic


You had 7 spell levels left.
You knew the following spells:

 Your Spells              Type           Power      Damage    Failure   Level
a - Freeze                Ice            100%       1d10      1%          1
b - Frozen Ramparts       Ice            88%        1d14      1%          3
c - Foxfire               Conj/Fire      28%        2x1d5     8%          1
d - Ozocubu's Armour      Ice            44%        N/A       1%          3
e - Summon Ice Beast      Ice/Summ       25%        N/A       16%         4

Your spell library contained the following spells:

 Spells                   Type           Power      Damage    Failure   Level
 Alistair's Intoxication  Tmut/Pois      4%         N/A       90%         5
 Borgnjor's Vile Clutch   Necr/Erth      3%         N/A       90%         5
 Fireball                 Conj/Fire      3%         3d4       90%         5
 Eringya's Noxious Bog    Tmut/Pois      3%         N/A       100%        6
 Starburst                Conj/Fire      3%         6d3       100%        6


Dungeon Overview and Level Annotations

Branches:
Dungeon (4/15)              Sewer (visited)
 Temple: D:4-7


Innate Abilities, Weirdness & Mutations

You have an increased reservoir of magic. (+10% MP)
You shall have no god before yourself.
Your divine heritage dramatically boosts your attributes as you level up.


Message History

A film of ice covers your body!
You feel sick. The water moccasin misses you.
The water moccasin bites you but does no damage.
Casting: Ozocubu's Armour (safe; 1% risk of failure)
Confirm with . or Enter, or press ? or * to list all spells.
Casting: Frozen Ramparts (safe; 1% risk of failure)
Press: ? - help, Dir - look around, f - activate
There are no walls around you to affect.
Casting: Frozen Ramparts (safe; 1% risk of failure)
Confirm with . or Enter, or press ? or * to list all spells.
Casting: Frozen Ramparts (safe; 1% risk of failure)
Press: ? - help, Dir - look around, f - activate
Okay, then.
Casting: Frozen Ramparts (safe; 1% risk of failure)
Confirm with . or Enter, or press ? or * to list all spells.
Casting: Frozen Ramparts (safe; 1% risk of failure)
Press: ? - help, Dir - look around, f - activate Look: a water moccasin (moderately wounded)
There are no walls around you to affect.
Okay, then.
As you read the scroll labelled USTRIU NUXZEJAN, it crumbles to dust.
The creatures around you are filled with an inner flame!
It was a scroll of immolation.
You feel sick.
The water moccasin bites you but does no damage.
As you read the scroll labelled VOSTODUNUV, it crumbles to dust.
Wisps of shadow whirl around you...
It was a scroll of summoning.
You feel sick.
The water moccasin bites you but does no damage.
The water moccasin closely misses you.
Okay, then.
Your icy armour will break if you move.
Continue?
Okay, then.
Aiming: Mindburst
Press: ? - help, Shift-Dir - straight line, f/p - water moccasin
Aim: a water moccasin (moderately wounded, inner flame, ally target, chance to affect: 64%)
The water moccasin's mind is blasted!
Flame seeps out of the water moccasin.
You feel sick.
The water moccasin is engulfed in blazing flames.
The water moccasin explodes!
The tree burns like a torch!
The fiery explosion engulfs you!!
You die...

♣ ♣♣♣
.♣$.♣♣
♣♣....♣
# ...(.♣
#
♣♣♣)..$♣
#
♣§♣ro.♣
#
♣♣@○w♣♣♣
#
♣♣S§♣o♣
#
♣.♣♣♣♣♣
# ♣♣.♣
♣.♣♣
♣♣.♣ #
♣.♣♣ #
♣♣.♣ #
♣.♣♣ #


You could see a dart slug (inner flame, ally target), a quokka (inner flame), a
friendly orc wizard (summoned), a friendly orc (summoned) and a friendly ball
python (summoned).

Vanquished Creatures
  Pikel (D:4)
  2 water moccasins
  A phantom (D:4)
  4 lemures (D:4)
  4 scorpions
  2 howler monkeys
  A hound (D:4)
  A gnoll bouda (D:4)
  An iguana (D:4)
  2 orc wizards (D:3)
  4 gnolls (D:4)
  A river rat (D:3)
  3 worms (D:2)
  2 dart slugs
  4 orcs (D:3)
  5 ball pythons
  13 bats
  7 endoplasms
  4 giant cockroaches
  5 goblins
  7 hobgoblins
  9 jackals
  4 quokkas
  A frilled lizard (D:1)
  5 kobolds
  6 rats
99 creatures vanquished.

Vanquished Creatures (others)
  12 foxfires (D:4)
12 creatures vanquished.

Grand Total: 111 creatures vanquished

Notes
Turn   | Place    | Note
-------+----------+-------------------------------------------
     0 | D:1      | hikkokomori the Demigod Ice Elementalist began the quest
                  | for the Orb.
     0 | D:1      | Reached XP level 1. HP: 14/14 MP: 5/5
   134 | D:1      | Reached XP level 2. HP: 19/20 MP: 7/7
   833 | D:1      | Reached skill level 4 in Ice Magic
  1196 | D:2      | Reached XP level 3. HP: 26/26 MP: 3/9
  1200 | D:2      | Learned a level 3 spell: Frozen Ramparts
  1202 | D:2      | Learned a level 1 spell: Foxfire
  1290 | D:2      | HP: 1/26 [worm (9)]
  1901 | D:3      | Reached XP level 4. HP: 24/33 MP: 6/11
  2183 | D:3      | Found a glowing drain.
  2187 | Sewer    | Entered a sewer
  2241 | Sewer    | Noticed a water moccasin
  2248 | Sewer    | Learned a level 3 spell: Ozocubu's Armour
  2270 | Sewer    | Killed a water moccasin
  2271 | Sewer    | Reached skill level 5 in Ice Magic
  2271 | Sewer    | Reached XP level 5. HP: 38/38 MP: 7/13
  2634 | D:3      | Found a transporter.
  2652 | D:3      | Found a transporter.
  2752 | D:3      | Reached XP level 6. HP: 16/45 MP: 8/15
  3231 | D:4      | Reached skill level 6 in Ice Magic
  3240 | D:4      | Reached XP level 7. HP: 44/50 MP: 4/17
  3362 | D:4      | Reached skill level 5 in Spellcasting
  3531 | D:4      | Noticed Pikel
  3540 | D:4      | HP: 2/50 [Pikel/+2 whip of freezing (5)]
  3552 | D:4      | Killed Pikel
  3553 | D:4      | Reached skill level 7 in Ice Magic
  3553 | D:4      | Reached XP level 8. HP: 41/57 MP: 5/20
  3560 | D:4      | Learned a level 4 spell: Summon Ice Beast
  3794 | D:4      | Killed by an exploding water moccasin... ignited by their
                  | inner flame

Illustrated notes

Levels and vault maps discovered:
D:1:      nzn_arrival_water_spiral, layout_basic, minmay_box_of_dots
D:2:      layout_rooms
D:3:      layout_loops_ring, gammafunk_temple_overflow_arena,
          mainiacjoe_overflow_tiny_flanked, overflow_temple_1_default,
          shapermc_ecumenical_altar_venn, gup_sewer_entry_spiral,
          corexii_item_surrounded_by_moat
D:4:      kb_forest_paths, layout_rooms, nicolae_shop_clearance, uniq_pikel

Skill      XL: |  1  2  3  4  5  6  7 |
---------------+----------------------+-----
Dodging        | 2 |  2.0
Stealth        | 2 |  2.0
Spellcasting   | 2 3 4 6 |  6.0
Ice Magic      | 4 5 6 7 |  7.3

Action                   |  1- 3 |  4- 6 |  7- 9 || total
-------------------------+-------+-------+-------++-------
Melee: Unarmed           |    12 |       |       ||    12
       Short sword       |    44 |    77 |    55 ||   176
       Punch             |     1 |       |     1 ||     2
 Cast: Freeze            |    62 |    13 |       ||    75
       Frozen Ramparts   |     1 |     9 |     4 ||    14
       Ozocubu's Armour  |       |     3 |     4 ||     7
       Foxfire           |       |     3 |     5 ||     8
Evoke: Wand              |       |       |     1 ||     1
  Use: Scroll            |     7 |       |     2 ||     9
       Potion            |       |     3 |     3 ||     6
 Stab: Sleeping          |       |     2 |     1 ||     3
Armor: Robe              |    28 |    36 |    20 ||    84
       Skin              |       |     2 |       ||     2
Dodge: Dodged            |    82 |    90 |    43 ||   215

Table legend: (Time is in decaauts)
 A = Elapsed time spent in this place.
 B = Non-inter-level travel time spent in this place.
 C = Inter-level travel time spent in this place.
 D = Time resting spent in this place.
 E = Time spent auto-exploring this place.
 F = Levels seen in this place.
 G = Mean time per level.
                   A        B        C        D        E       F      G
               +--------+--------+--------+--------+--------+-----+--------+
         Total |   3833 |   3672 |    161 |    505 |   2230 |   5 |  766.6 |
       Dungeon |   3676 |   3515 |    161 |    478 |   2227 |   4 |  919.0 |
         Sewer |    156 |    156 |      0 |     27 |      3 |   1 |  156.0 |
               +--------+--------+--------+--------+--------+-----+--------+

Top non-repeatable levels by time:
     D:3: 1354 daAuts
     D:1: 1110 daAuts
     D:2: 725 daAuts
     D:4: 486 daAuts
   Sewer: 156 daAuts
